 Dungeon Crawl Stone Soup version 0.27-b1-23-g44b8eac545 (webtiles) character file.

Game seed: 8722488992908975500

40 hawla the Sneak (level 3, 0/22 HPs)
             Began as a Deep Elf Delver on July 27, 2021.
             Slain by an iguana (2 damage)
             ... on level 4 of the Dungeon.
             The game lasted 00:02:40 (937 turns).

hawla the Sneak (Deep Elf Delver)                    Turns: 937, Time: 00:02:40

Health: 0/22       AC:  3    Str:  9    XL:     3   Next: 30%
Magic:  5/5        EV: 12    Int: 15    God:
Gold:   7          SH:  0    Dex: 16    Spells: 2/2 levels left

rFire    . . .     SeeInvis .   a - +0 short sword
rCold    . . .     Faith    .   (no shield)
rNeg     . . .     Spirit   .   b - +0 leather armour
rPois    .         Reflect  .   (no helmet)
rElec    .         Harm     .   (no cloak)
rCorr    .         Rampage  .   (no gloves)
Will     .....                  (no boots)
Stlth    +++.......             (no amulet)
HPRegen  0.07/turn              (no ring)
MPRegen  0.09/turn              (no ring)

@: no status effects
A: no striking features
a: no special abilities


You were on level 4 of the Dungeon.
You visited 1 branch of the dungeon, and saw 2 of its levels.

You collected 7 gold pieces.

Inventory:

Hand Weapons
 a - a +0 short sword (weapon)
Armour
 b - a +0 leather armour (worn)
Wands
 g - a wand of digging (3)
Scrolls
 c - a scroll of fog
 d - a scroll of magic mapping


   Skills:
 + Level 2.7 Fighting
 + Level 2.2 Short Blades
 + Level 2.5 Dodging
 - Level 7.0 Stealth


You had 2 spell levels left.
You didn't know any spells.
Your spell library was empty.

Dungeon Overview and Level Annotations

Branches:
Dungeon (5/15)
 Temple: D:4-7

Altars:
Makhleb


Message History

The ufetubus is severely wounded.
The ufetubus hits you. x2
You are too injured to fight recklessly!
You are too injured to fight recklessly!
You are too injured to fight recklessly!
You are too injured to fight recklessly!
You hit the ufetubus.
You kill the ufetubus!
Found a stone staircase leading up.
Found 8 gold pieces.
There is a stone staircase leading up here.
There is a stone staircase leading up here.
You climb upwards.
There is a stone staircase leading down here.
An iguana comes into view.
The iguana hisses angrily.
The iguana barely misses you.
You hit the iguana.
The iguana is lightly wounded.
The iguana bites you!
You hit the iguana but do no damage.
The iguana is lightly wounded.
The iguana bites you but does no damage.
You barely miss the iguana.
The iguana is lightly wounded.
The iguana bites you.
You are too injured to fight recklessly!
You hit the iguana but do no damage.
The iguana is lightly wounded.
The iguana closely misses you.
You hit the iguana but do no damage.
The iguana is lightly wounded.
The iguana completely misses you.
You aren't carrying any potions.
Okay, then.
A scorpion comes into view.
The iguana bites you!
* * * LOW HITPOINT WARNING * * *
The iguana bites you.
You die...

####..###..#.#...
#...#...#
#.......#
#..##..##..#.
##..##...$....
#...##..##....
##..####.#.....
#..............
#....l@.......
#......##.....
#.....## .....
...........##
.....
.........###
..........
.........##
.........#
.........#


You could see an iguana.

Vanquished Creatures
  A jelly (D:5)
  An ufetubus (D:5)
  A worm (D:5)
  A giant cockroach (D:4)
4 creatures vanquished.

Notes
Turn   | Place    | Note
-------+----------+-------------------------------------------
     0 | D:5      | hawla the Deep Elf Delver began the quest for the Orb.
     0 | D:5      | Reached XP level 1. HP: 13/13 MP: 3/3
    37 | D:5      | Noticed a scorpion
    71 | D:4      | Noticed a scorpion
   291 | D:5      | Noticed a jelly
   298 | D:5      | Killed a jelly
   299 | D:5      | Reached XP level 2. HP: 18/18 MP: 4/4
   299 | D:5      | Reached XP level 3. HP: 22/22 MP: 5/5
   315 | D:5      | Reached skill level 7 in Stealth
   417 | D:5      | Noticed an ice beast
   698 | D:5      | Found a burning altar of Makhleb.
   932 | D:4      | Noticed a scorpion
   937 | D:4      | Slain by an iguana

Illustrated notes

Levels and vault maps discovered:
D:4:      layout_rooms, nemelex_diamond_rough_becter,
          nicolae_ru_great_annihilating_truth, kennysheep_orc_sif_temple,
          minmay_temple_entry_mist
D:5:      layout_loops_ring, mainiacjoe_overflow_alcove_2, serial_bayou_pond_b,
          amcnicky_mini_pool_small, kennysheep_generic_room_14

Skill      XL: |  1  2  3 |
---------------+----------+-----
Stealth        | 7 |  7.0
Fighting       | |  2.7
Short Blades   | |  2.2
Dodging        | |  2.5

Action                   || total
-------------------------++-------
Melee: Short sword       ||    36
  Use: Potion            ||     1
       Scroll            ||     1
 Stab: Sleeping          ||     3
Armor: Leather armour    ||    11
Dodge: Dodged            ||    21
